 Dungeon Crawl Stone Soup version 0.31.0-9-g3a7656b989 (webtiles) character file.

Game seed: 12923693999068679180

51 qw the Shooter (level 3, 0/20 HPs)
             Began as a Deep Elf Hunter on Feb 2, 2024.
             Slain by a gnoll
             ... wielding a +0 halberd
              (11 damage)
             ... on level 3 of the Dungeon.
             The game lasted 00:00:04 (1426 turns).

qw the Shooter (Deep Elf Hunter)                    Turns: 1426, Time: 00:00:05

Health: 0/20       AC:  6    Str: 10    XL:     3   Next: 57%
Magic:  5/5        EV: 11    Int: 13    God:
Gold:   132        SH:  0    Dex: 18    Spells: 2/2 levels left

rFire   . . .        a - +0 shortbow
rCold   . . .        (shield currently unavailable)
rNeg    . . .        h - +1 ring mail
rPois   .            (no helmet)
rElec   .            (no cloak)
rCorr   .            (no gloves)
SInv    .            (no boots)
Will    .....        (no amulet)
Stlth   +            (no ring)
HPRegen 0.23/turn    (no ring)
MPRegen 0.09/turn

%: no passive effects
@: no status effects
A: no striking features
a: no special abilities


You were on level 3 of the Dungeon.
You visited 1 branch of the dungeon, and saw 3 of its levels.

You collected 132 gold pieces.


   Skills:
 - Level 1.5 Fighting
 + Level 7.1 Ranged Weapons
 - Level 2.4 Dodging
 - Level 1.2 Stealth


You had 2 spell levels left.
You didn't know any spells.
Your spell library was empty.

Inventory:

Hand Weapons
 a - a +0 shortbow (weapon)
Armour
 h - a +1 ring mail (worn)
Jewellery
 f - a ring of fire
Potions
 b - a potion of degeneration {unknown}
 d - a potion of curing
 g - a potion of heal wounds {unknown}
 i - a potion of might

Dungeon Overview and Level Annotations

Branches:
Dungeon (3/15)

Altars:

Shops:
D:1 :


Message History

A hobgoblin comes into view.
The hobgoblin shouts!
You shoot an arrow. The arrow hits the hobgoblin.
The hobgoblin is heavily wounded.
You shoot an arrow. The arrow hits the hobgoblin.
You kill the hobgoblin!
You see here a hobgoblin corpse.
You now have 132 gold pieces (gained 7).
An orc and 2 gnolls come into view.
Found 11 gold pieces.
The gnoll shouts!
A gnoll comes into view. It is wielding a +0 whip.
1417 ||| RETREEEEATING.
You shoot an arrow. The arrow hits the gnoll!
The gnoll is severely wounded.
You hear a shout!
You shoot an arrow.
The arrow hits the gnoll but does no damage.
The gnoll is severely wounded.
You hear a shout! x3
An orc comes into view. It is wielding a +4 dagger.
The orc shouts! x2; The gnoll shouts!
The gnoll hits you from afar with a +0 halberd!
The gnoll hits you with a +0 club.
1421 ||| RETREEEEATING.
1422 ||| RETREEEEATING.
1423 ||| FLEEEEING.
You shoot an arrow. The arrow hits the gnoll!
You kill the gnoll!
Your Ranged Weapons skill increases to level 7!
You shoot an arrow. The arrow hits the gnoll!
The gnoll is severely wounded.
The gnoll misses you.
You shoot an arrow.
The arrow hits the gnoll but does no damage.
The gnoll is severely wounded.
You hear the slow rusting of a drain nearby.
The gnoll hits you from afar with a +0 halberd!
Ouch! That really hurt!
You die...

#......##.####.###
#.#.##.##.####.#
#.#.##.........#
#.#.#####.######
#.#.# #.#
#.#.#####.#
#.........#
#.#####.### # #@#
#$g#####.#
#.....#g# #oo...o#
#..##.### #. #. #.
#.


You could see a gnoll and an orc.

Vanquished Creatures
  A gnoll (D:3)
  An adder (D:2)
  A dart slug (D:2)
  3 bats (D:2)
  2 endoplasms (D:1)
  A goblin (D:1)
  5 hobgoblins
  3 jackals (D:1)
  6 ball pythons
  A frilled lizard (D:1)
  2 kobolds (D:2)
  5 rats
31 creatures vanquished.

Notes
Turn   | Place    | Note
-------+----------+-------------------------------------------
     0 | D:1      | qw the Deep Elf Hunter began the quest for the Orb.
     0 | D:1      | Reached XP level 1. HP: 12/12 MP: 3/3
     0 | D:1      | 0 ||| qw: Version: 0.3-a-155-g5e7d8dd
     0 | D:1      | 0 ||| qw: Game counter: 1089
     0 | D:1      | 0 ||| qw: Melee chars always use a shield: true
     0 | D:1      | 0 ||| qw: God list: Okawaru
     0 | D:1      | 0 ||| qw: Allow faded altars: false
     0 | D:1      | 0 ||| qw: Do Orc after clearing Dungeon:15 true
     0 | D:1      | 0 ||| qw: Do second Lair branch before Depths: true
     0 | D:1      | 0 ||| qw: Lair rune preference: random
     0 | D:1      | 0 ||| qw: Goals: Normal
     0 | D:1      | 0 ||| PLANNING D:1-11
   123 | D:1      | Reached XP level 2. HP: 16/16 MP: 4/4
   129 | D:1      | Reached skill level 6 in Ranged Weapons
   286 | D:1      | Found Teuvef's Book Shoppe.
   307 | D:1      | Found a faded altar of an unknown god.
   465 | D:1      | 465 ||| UPGRADING to +0 ring mail.
   475 | D:1      | 475 ||| DROPPING +0 leather armour.
   476 | D:1      | 476 ||| READING scroll labelled NILUOF KAVVU.
   477 | D:1      | 477 ||| DRINKING 2 bubbling puce potions.
   478 | D:1      | 478 ||| DRINKING 2 glowing black potions.
   479 | D:1      | 479 ||| DROPPING scroll of butterflies.
   926 | D:2      | Reached XP level 3. HP: 20/20 MP: 5/5
  1355 | D:2      | 1355 ||| READING scroll labelled VUMEIROLOU.
  1355 | D:2      | 1355 ||| ENCHANTING +0 ring mail.
  1379 | D:3      | 1379 ||| PLANNING SEWER
  1417 | D:3      | 1417 ||| RETREEEEATING.
  1421 | D:3      | 1421 ||| RETREEEEATING.
  1422 | D:3      | 1422 ||| RETREEEEATING.
  1423 | D:3      | 1423 ||| FLEEEEING.
  1425 | D:3      | Reached skill level 7 in Ranged Weapons
  1426 | D:3      | Slain by a gnoll

Levels and vault maps discovered:
D:1:      ncdulo_lavacross, layout_rooms, ebering_ecumenical_altar_box,
          serial_shops, nicolae_book_shop_shelving, minmay_ruptured
D:2:      layout_basic, minivault_19
D:3:      minmay_roachtagon, layout_loops_corners, nzn_hepliaklqana_mist_gate,
          led_sif_pool, cheibrodos_sewer_entry_sluice, minmay_rat_hole

Skill      XL: |  1  2  3 |
---------------+----------+-----
Ranged Weapons | 6 7 |  7.1
Fighting       | |  1.5
Dodging        | |  2.4
Stealth        | |  1.2

Action                     || total
---------------------------++-------
   Fire: Shortbow          ||    63
    Use: Potion            ||     2
         Scroll            ||     2
 Armour: Leather armour    ||     5
         Ring mail         ||     7
  Dodge: Dodged            ||    11

Table legend:
 A = Non-vault XP
 B = Vault XP
 C = Vault XP percentage of total XP
 D = Non-vault monster count
 E = Vault monster count
 F = Vault count percentage of total count
                 A         B        C        D         E       F
            +---------+---------+-------+---------+---------+-------
      Total |      66 |       7 |   9.6 |      27 |       4 |  12.9
            +---------+---------+-------+---------+---------+-------
        D:1 |      20 |       7 |  25.9 |      12 |       4 |  25.0
        D:2 |      30 |       0 |   0.0 |      13 |       0 |   0.0
        D:3 |      16 |       0 |   0.0 |       2 |       0 |   0.0
            +---------+---------+-------+---------+---------+-------
